 Dungeon Crawl Stone Soup version 0.26.1-11-gd32895ea62 (webtiles) character file.

Game seed: 8627820862910703169

86 Arsuriii the Covered (level 4, -1/55 HPs)
             Began as a Barachi Fighter on Apr 17, 2021.
             Slain by a scorpion (3 damage)
             ... on level 3 of the Dungeon.
             The game lasted 00:08:34 (1539 turns).

Arsuriii the Covered (Barachi Fighter)              Turns: 1539, Time: 00:08:35

Health: -1/55      AC: 22    Str: 18    XL:     4   Next: 50%
Magic:  13/13      EV:  2    Int:  8    God:
Gold:   102        SH:  9    Dex: 12    Spells: 3/3 levels left

rFire    . . .     SeeInvis .   a - +0 long sword
rCold    . . .     Faith    .   c - +0 kite shield
rNeg     + + +     Spirit   .   (armour currently unavailable)
rPois    +         Reflect  .   (helmet currently unavailable)
rElec    .         Harm     .   (cloak currently unavailable)
rCorr    .         Rampage  .   (gloves currently unavailable)
Will     .....     NoTele   +   (boots currently unavailable)
Stlth    +.........             (no amulet)
HPRegen  0.18/turn              h - ring of magical power
MPRegen  0.13/turn              (no ring)

@: lethally poisoned (-1 -> -4), tree-form
A: +LOS, swims
a: no special abilities


You were on level 3 of the Dungeon.
You were a tree.
You visited 1 branch of the dungeon, and saw 3 of its levels.

You collected 102 gold pieces.

Inventory:

Hand Weapons
 a - a +0 long sword (weapon)
Armour
 b - a +0 scale mail (melded)
 c - a +0 kite shield (worn)
 i - a +0 pair of boots (melded)
Jewellery
 h - a ring of magical power (left branch)
Scrolls
 e - 2 scrolls of remove curse {unknown}
 f - 2 scrolls of enchant weapon {unknown}
 g - a scroll of blinking {unknown}
 l - 2 scrolls of teleportation {unknown}
 m - a scroll of noise {unknown}
 o - a scroll of immolation {unknown}
Potions
 d - a potion of might
 j - 2 potions of flight {unknown}
 n - 2 potions of curing {unknown}


   Skills:
 + Level 4.2 Fighting
 + Level 3.5 Long Blades
 + Level 4.3 Armour
 + Level 1.0 Dodging
 + Level 4.0 Shields


You had 3 spell levels left.
You didn't know any spells.
Your spell library was empty.

Dungeon Overview and Level Annotations

Branches:
Dungeon (3/15)

Altars:


Innate Abilities, Weirdness & Mutations

You can be seen from farther away. (+LOS)
You can swim through water.
((You cover ground slowly.))
((You can hop short distances.))


Message History

You feel sick.
The scorpion stings you but does no damage.
Your shield prevents you from hitting the scorpion.
The scorpion is moderately wounded.
* * * LOW HITPOINT WARNING * * *
You feel sick. You block the scorpion's attack.
You hit the scorpion.
The scorpion is moderately wounded.
* * * LOW HITPOINT WARNING * * *
You feel sick.
The scorpion stings you but does no damage.
The scorpion barely misses you.
You closely miss the scorpion.
The scorpion is moderately wounded.
You block the scorpion's attack.
You closely miss the scorpion.
The scorpion is moderately wounded.
* * * LOW HITPOINT WARNING * * *
You feel sick. The scorpion stings you.
You die...

### #..# #.. ...#
#.# ##..#
##.##......
#.♣s......#
##.##.##..###+#####
#.# #..##.......
#.# #..##.......
#.# #.##....... #.#
#.##....... #.#
#.##....... #.#
#.#........
#.##.###.#........


You could see a scorpion.

Vanquished Creatures
  5 adders
  A worm (D:2)
  2 dart slugs
  2 leopard geckos (D:2)
  6 bats
  2 giant cockroaches
  3 goblins
  4 hobgoblins
  3 kobolds
  4 frilled lizards
  5 rats
37 creatures vanquished.

Notes
Turn   | Place    | Note
-------+----------+-------------------------------------------
     0 | D:1      | Arsuriii the Barachi Fighter began the quest for the Orb.
     0 | D:1      | Reached XP level 1. HP: 18/18 MP: 1/1
   141 | D:1      | Reached XP level 2. HP: 22/25 MP: 2/2
   925 | D:2      | Reached XP level 3. HP: 30/30 MP: 3/3
  1340 | D:3      | Reached XP level 4. HP: 37/37 MP: 4/4
  1494 | D:3      | Reached skill level 1 in Dodging
  1537 | D:3      | HP: 2/55 [poisoned by a scorpion]
  1539 | D:3      | Slain by a scorpion

Illustrated notes

Levels and vault maps discovered:
D:1:      psy_arrival_heroes, layout_loops_ring, serial_rivers,
          chequers_serial_rivers_room_b, chequers_serial_rivers_small_3,
          chequers_serial_rivers_small_a, chequers_serial_rivers_micro_b,
          chequers_serial_rivers_small_3, chequers_serial_rivers_small_b,
          tso_altar
D:2:      layout_basic, gammafunk_temple_overflow_statue,
          chequers_ecumenical_altar_lobes
D:3:      minmay_thinvault, layout_basic

Skill      XL: |  1  2  3  4 |
---------------+-------------+-----
Fighting       | 4 |  4.2
Armour         | 4 |  4.3
Long Blades    | 3 |  3.5
Shields        | 4 |  4.0
Dodging        | 1 |  1.0

Action                   |  1- 3 |  4- 6 || total
-------------------------+-------+-------++-------
Melee: Long sword        |   115 |    43 ||   158
  Use: Potion            |       |     1 ||     1
Armor: Scale mail        |    52 |    12 ||    64
       Skin              |       |     5 ||     5
Dodge: Dodged            |    52 |    21 ||    73
Block: Kite shield       |    71 |    13 ||    84
       Rpst.: Long sword |    16 |     5 ||    21
